 Zot Defence DCSS version 0.15.2 (webtiles) character file.

4807 hexophile the Fighter (level 10, -3/97 HPs)
             Began as a Ghoul Berserker on Jan 26, 2016.
             Was a Believer of Trog.
             Killed from afar by a storm dragon (33 damage)
             ... with a bolt of lightning
             ... summoned by a boggart
             ... in the Realm of Zot (Scenario I: Hall of Zot).
             The game lasted 00:05:28 (2266 turns).

hexophile the Fighter (Ghoul Berserker)             Turns: 2266, Time: 00:05:28

HP  -3/97        AC  2     Str 21      XL: 10   Next: 48%
MP   7/7         EV 12     Int  6      God: Trog [**....]
Gold 0           SH  0     Dex  8      Spells:  0 memorised,  9 levels left

rFire  . . .     SeeInvis .     a - +0 hand axe
rCold  + . .     Clarity  .     b - +0 animal skin
rNeg   + + +     rCorr    .     (no shield)
rPois  +         rRot     +     (no helmet)
rElec  .         Spirit   .     (no cloak)
SustAb .         Warding  .     (no gloves)
rMut   .         Stasis   .     (no boots)
Saprov + + +                    (no amulet)
MR     .....                    (no ring)
                                (no ring)

@: rotting, not resistant to hostile enchantments, very unstealthy
A: rotting body, claws 1, carnivore 3, cold resistance 1, negative energy
resistance 3, poison resistance, saprovore 3, slow healing 1, torment
resistance, unbreathing
a: Make oklob sapling, Make arrow trap, Make plant, Remove Curse, Make burning
bush, Make altar, Make grenades, Make oklob plant, Make net trap, Make ice
statue, Make spear trap, Burn Spellbooks, Trog's Hand, Renounce Religion


You were in the Realm of Zot.
You worshipped Trog.
Trog was pleased with you.
You were not hungry.

You visited 1 branch


Innate Abilities, Weirdness & Mutations

Your body is rotting away.
You have sharp fingernails.
You are carnivorous and can eat meat at any time.
Your flesh is cold resistant.
You are immune to negative energy.
Your system is resistant to poisons.
You thrive on rotten meat.
You heal slowly when monsters are visible.
You are immune to unholy pain and torment.
You can survive without breathing.

Inventory:

Hand weapons
 a - a +0 hand axe (weapon)
Armour
 b - a +0 animal skin (worn)
Magical devices
 g - a wand of fireball (0)
Comestibles
 i - 5 chunks of giant frog flesh
 j - 2 chunks of spiny frog flesh
 l - 2 chunks of giant frog flesh
Potions
 c - 3 potions of curing
 d - a potion of heal wounds
 e - a potion of haste
 f - 2 potions of magic


You had 9 spell levels left.
You didn't know any spells.


   Skills:
 * Level 11.7 Fighting
 * Level 10.0 Axes
 - Level 2.5 Armour
 - Level 2.8 Dodging

Dungeon Overview and Level Annotations

Branches:
    Zot (1/1)

Altars:

Annotations:
Zot Fuck. Shit. JESUS.

Vault maps used:
Zot:      zotvault
You       could see a yellow draconian monk, 2 storm dragons, a black draconian,
          a purple draconian, a red draconian, a white draconian (bleeding), a
          grey draconian, 2 enormous slime creatures, 2 slime creatures, a moth
          of wrath, a boggart and 3 friendly oklob plants.


Message History

What do you say? t - Shout!
Orders for allies: a - Attack new target. r - Retreat! s - Stop attacking. w - Wait here. f - Follow me.
Anything else - Stay silent.
Gang up on whom?
Press: ? - help, Dir - move target cursor, f - boggart
Aim: a boggart (severely wounded) Attack!
Your oklob plant spits acid past the moth of wrath.
Your Axes skill increases to level 10!
You feel a bit more experienced.
Your oklob plant spits acid at the white draconian.
The splash of acid hits the white draconian.
The black draconian shifter blinks!
The moth of wrath dissolves into shadows! x2
Your oklob plant spits acid at the large slime creature.
The splash of acid hits the large slime creature.
The black draconian shifter dissolves into shadows!
Your oklob plant spits acid at the white draconian.
The splash of acid hits the white draconian.
The white draconian writhes in agony as its flesh is eaten away!
Your oklob plant spits acid at the large slime creature.
The splash of acid hits the large slime creature.
The white draconian breathes frost at your oklob plant.
The chilling blast hits your oklob plant.
Your oklob plant spits acid at the white draconian.
The splash of acid hits the white draconian.
Your oklob plant spits acid at the large slime creature.
The splash of acid hits the large slime creature.
Your oklob plant spits acid at the slime creature.
The splash of acid hits the slime creature.
The grey draconian looks more energetic.
The yellow draconian monk looks more energetic.
Two slime creatures merge to form a very large slime creature.
Unknown command.
Your oklob plant spits acid at the white draconian.
The splash of acid hits the white draconian.
The white draconian writhes in agony as its flesh is eaten away!
The moth of wrath angrily waves its antennae.
A boggart appears from thin air!
A slime creature suddenly disappears!
The storm dragon breathes lightning at you.
The bolt of lightning hits the black draconian.
The black draconian resists.
The bolt of lightning hits the black draconian.
The black draconian resists.
The bolt of lightning hits the storm dragon.
The storm dragon completely resists.
The bolt of lightning hits you!
You die...

Action                   |  1- 3 |  4- 6 |  7- 9 | 10-12 || total
-------------------------+-------+-------+-------+-------++-------
Melee: Hand axe          |     4 |    79 |   175 |    65 ||   323
Invok: Trog's Hand       |       |       |       |     2 ||     2
 Abil: Make oklob plant  |       |       |       |     4 ||     4
       Make grenades     |       |       |       |     3 ||     3
       Make burning bush |       |       |       |     3 ||     3
Evoke: Wand              |       |     2 |       |     3 ||     5
  Use: Scroll            |       |       |       |     1 ||     1
 Stab: Fleeing           |       |       |     2 |       ||     2
  Eat: Chunk             |       |     4 |     4 |     7 ||    15

Notes
Turn   | Place    | Note
--------------------------------------------------------------
     0 | Zot      | hexophile, the Ghoul Berserker, began the quest for the Orb.
     0 | Zot      | Reached XP level 1. HP: 19/19 MP: 1/1
   755 | Zot      | Noticed a hound
   767 | Zot      | Killed a hound
   767 | Zot      | Reached skill level 3 in Axes
   767 | Zot      | Reached skill level 2 in Armour
   767 | Zot      | Reached skill level 2 in Dodging
   767 | Zot      | Reached XP level 2. HP: 24/26 MP: 2/2
   767 | Zot      | Reached XP level 3. HP: 29/32 MP: 3/3
   767 | Zot      | Reached XP level 4. HP: 35/39 MP: 3/3
   802 | Zot      | Noticed Saretz
   914 | Zot      | Reached skill level 4 in Fighting
  1000 | Zot      | Noticed Duvessa
  1063 | Zot      | Killed Duvessa
  1063 | Zot      | Reached skill level 5 in Fighting
  1063 | Zot      | Reached skill level 4 in Axes
  1063 | Zot      | Reached XP level 5. HP: 6/48 MP: 4/4
  1063 | Zot      | Reached XP level 6. HP: 7/56 MP: 5/5
  1100 | Zot      | Killed Saretz the blink frog
  1100 | Zot      | Reached skill level 6 in Fighting
  1100 | Zot      | Reached skill level 5 in Axes
  1100 | Zot      | Reached XP level 7. HP: 12/64 MP: 5/5
  1489 | Zot      | Noticed a slime creature
  1501 | Zot      | Noticed a slime creature
  1589 | Zot      | Reached skill level 7 in Fighting
  1597 | Zot      | Killed a slime creature
  1597 | Zot      | Reached skill level 8 in Fighting
  1597 | Zot      | Reached skill level 6 in Axes
  1597 | Zot      | Reached XP level 8. HP: 67/72 MP: 6/6
  1633 | Zot      | Killed a slime creature
  1633 | Zot      | Reached skill level 7 in Axes
  1656 | Zot      | Noticed a polar bear
  1761 | Zot      | Reached skill level 9 in Fighting
  1761 | Zot      | Reached XP level 9. HP: 78/80 MP: 7/7
  1794 | Zot      | Acquired Trog's second power
  1808 | Zot      | Killed a polar bear
  1808 | Zot      | Reached skill level 10 in Fighting
  1808 | Zot      | Reached skill level 8 in Axes
  1902 | Zot      | Noticed Prince Ribbit
  1942 | Zot      | Killed Prince Ribbit
  2002 | Zot      | Noticed Khuech
  2038 | Zot      | Reached skill level 9 in Axes
  2045 | Zot      | Reached XP level 10. HP: 91/91 MP: 7/7
  2079 | Zot      | Killed Khuech the spiny frog
  2079 | Zot      | Reached skill level 11 in Fighting
  2176 | Zot      | Noticed a moth of wrath
  2178 | Zot      | Noticed a tentacled monstrosity
  2178 | Zot      | Noticed an electric golem
  2179 | Zot      | Noticed a moth of wrath
  2181 | Zot      | Noticed a moth of wrath
  2181 | Zot      | Noticed a moth of wrath
  2182 | Zot      | Noticed a white draconian
  2182 | Zot      | Noticed a grey draconian annihilator
  2182 | Zot      | Noticed a green draconian
  2184 | Zot      | Noticed a curse toe
  2185 | Zot      | Noticed a storm dragon
  2185 | Zot      | Noticed a moth of wrath
  2187 | Zot      | Noticed a black draconian shifter
  2187 | Zot      | Noticed a grey draconian
  2187 | Zot      | Noticed a yellow draconian monk
  2187 | Zot      | Noticed a white draconian
  2187 | Zot      | Noticed a black draconian
  2187 | Zot      | Noticed a red draconian
  2187 | Zot      | Noticed a purple draconian
  2187 | Zot      | Noticed an ice dragon
  2189 | Zot      | Noticed a white draconian
  2198 | Zot      | Killed a moth of wrath
  2200 | Zot      | Noticed a deathcap
  2200 | Zot      | Noticed a deathcap
  2204 | Zot      | Noticed a moth of wrath
  2207 | Zot      | Noticed a moth of wrath
  2241 | Zot      | Noticed a storm dragon
  2251 | Zot      | Noticed a moth of wrath
  2256 | Zot      | Reached skill level 10 in Axes
  2266 | Zot      | Killed from afar by a storm dragon

Table legend:
 A = Turns spent in this place as a percentage of turns spent in the entire game.
 B = Non-inter-level travel turns spent in this place as a percentage of non-inter-level travel turns spent in the entire game.
 C = Inter-level travel turns spent in this place as a percentage of turns spent in this place.
 D = Turns resting spent in this place as a percentage of non-inter-level travel turns spent in this place.
 E = Turns spent auto-exploring this place as a percentage of non-inter-level travel turns spent in this place.
 F = Non-inter-level travel turns spent in this place divided by the number of levels of this place that you've seen.
                   A       B       C       D       E      F
               +-------+-------+-------+-------+-------+----------------------
         Total | 100.0 | 100.0 |   0.0 |   3.6 |   0.0 | 1209.0
           Zot | 100.0 | 100.0 |   0.0 |   3.6 |   0.0 | 1209.0
               +-------+-------+-------+-------+-------+----------------------

Table legend:
 A = Kills in this place as a percentage of kills in entire the game.
 B = Kills by you in this place as a percentage of kills by you in the entire game.
 C = Kills by friends in this place as a percentage of kills by friends in the entire game.
 D = Other kills in this place as a percentage of other kills in the entire game.
 E = Experience gained in this place as a percentage of experience gained in the entire game.
 F = Experience gained in this place divided by the number of levels of this place that you have seen.
                   A       B       C       D       E      F
               +-------+-------+-------+-------+-------+----------------------
         Total | 100.0 | 100.0 | 100.0 |  -nan | 100.0 | 6868.0
           Zot | 100.0 | 100.0 | 100.0 |  -nan | 100.0 | 6868.0
               +-------+-------+-------+-------+-------+----------------------

Vanquished Creatures
  A spiny frog (Zot)
  A blink frog (Zot)
  A wandering mushroom (Zot)
  2 slime creatures (Zot)
  A polar bear (Zot)
  Prince Ribbit (Zot)
  3 black bears (Zot)
  Duvessa (Zot)
  6 giant frogs (Zot)
  A hound (Zot)
  An iguana (Zot)
  An adder (Zot)
  2 bats (Zot)
  4 hobgoblins (Zot)
  5 kobolds (Zot)
  A ball python (Zot)
  A goblin (Zot)
  4 rats (Zot)
37 creatures vanquished.

Vanquished Creatures (collateral kills)
  A moth of wrath (Zot)
  A wandering mushroom (Zot)
  A slime creature (Zot)
  3 boggarts (Zot)
  5 giant spores (Zot)
11 creatures vanquished.

Vanquished Creatures (others)
  An oklob plant (Zot)
  3 burning bushes (Zot)
  A giant spore (Zot)
5 creatures vanquished.

Grand Total: 53 creatures vanquished
